 Dungeon Crawl Stone Soup version 0.32-a0-711-g016ad743e0 (webtiles) character file.

Game seed: 16164452349223988913

2461 IndexError the Grappler (level 9, -5/88 HPs)
             Began as a Troll Fighter on Mar 15, 2024.
             Was an Initiate of Wu Jian.
             Succumbed to scorpion's concentrated venom
             ... on level 7 of the Dungeon.
             The game lasted 00:08:37 (7113 turns).

IndexError the Grappler (Troll Fighter)             Turns: 7113, Time: 00:08:38

Health: -5/88      AC:  8    Str: 26    XL:     9   Next: 26%
Magic:  8/8        EV:  9    Int:  4    God:    Wu Jian [......]
Gold:   364        SH:  9    Dex: 13    Spells: 8/8 levels left

rFire   . .          .
                       - Unarmed
rCold   . . .        b - +0 kite shield
rNeg    . . .        c - +0 steam dragon scales
rPois   +            (helmet restricted)
rElec   .            A - +0 cloak
rCorr   .            (gloves unavailable)
SInv    .            (boots unavailable)
Will    .....        (no amulet)
Stlth   +            v - ring of poison resistance {rPois, !d}
HPRegen 1.14/turn    (no ring)
MPRegen 0.11/turn

%: no passive effects
@: lethally poisoned (-5 -> -24), slowed, very slow
A: large, unfitting armour, claws 3, regeneration 1, shaggy fur 1, tough skin 1
a: Renounce Religion


You were on level 7 of the Dungeon.
You worshipped Wu Jian.
Wu Jian was noncommittal.
You visited 2 branches of the dungeon, and saw 9 of its levels.

You collected 364 gold pieces.

Inventory:

Hand Weapons
 o - a +0 battleaxe
   (You found it on level 2 of the Dungeon)
Missiles
 n - 5 javelins
 p - 32 stones (quivered)
 u - 2 boomerangs
 z - 3 poisoned darts
Armour
 b - a +0 kite shield (worn)
 c - +0 steam dragon scales (worn)
   (You took it off Maggie on level 7 of the Dungeon)
 A - a +0 cloak (worn)
   (You found it on level 3 of the Dungeon)
 F - a scarf of shadows
   (You found it on level 4 of the Dungeon)
Jewellery
 v - a ring of poison resistance (left claw) {rPois, !d}
   (You found it on level 2 of the Dungeon)
 N - a ring of ice {rC+, rF-}
   (You found it on level 6 of the Dungeon)
Wands
 C - a wand of flame (24)
   (You took it off Natasha on level 3 of the Dungeon)
 M - a wand of acid (9)
   (You found it on level 6 of the Dungeon)
 O - a wand of digging (7)
   (You found it on level 6 of the Dungeon)
Scrolls
 e - a scroll of vulnerability {unknown}
 f - a scroll of silence {unknown}
 h - 3 scrolls of enchant weapon {unknown}
 l - a scroll of blinking {unknown}
 s - 5 scrolls of identify {unknown}
 w - 2 scrolls of enchant armour {unknown}
 D - a scroll of poison {unknown}
 E - a scroll of amnesia {unknown}
Potions
 a - a potion of enlightenment {unknown}
 k - 3 potions of heal wounds {unknown}
 t - 2 potions of lignification {unknown}
 B - a potion of magic {unknown}
 G - a potion of haste {unknown}
 H - 2 potions of curing {unknown}
 I - a potion of attraction {unknown}
 J - a potion of cancellation {unknown}
 K - a potion of resistance {unknown}
 L - a potion of mutation {unknown}


   Skills:
 + Level 5.2 Fighting
 + Level 5.2 Dodging
 + Level 5.7 Shields
 * Level 8.2 Unarmed Combat


You had 8 spell levels left.
You didn't know any spells.
Your spell library contained the following spells:

 Spells                   Type           Power      Damage    Failure   Level
 Apportation              Tloc           0%         N/A       73%         1
 Necrotise                Necr           0%         1d4       73%         1
 Sting                    Conj/Alch      0%         1d3       73%         1
 Summon Small Mammal      Summ           0%         N/A       73%         1
 Call Imp                 Summ           0%         N/A       86%         2
 Ensorcelled Hibernation  Hex/Ice        0%         N/A       86%         2
 Jinxbite                 Hex            0%         N/A       86%         2
 Sublimation of Blood     Necr           0%         N/A       86%         2
 Fugue of the Fallen      Necr           0%         N/A       97%         3
 Anguish                  Hex/Necr       0%         N/A       100%        4
 Alistair's Intoxication  Alch           0%         N/A       100%        5
 Yara's Violent Unravell  Hex/Alch       0%         3d3       100%        5
 Enfeeble                 Hex            0%         N/A       100%        7
 Summon Hydra             Summ           0%         N/A       100%        7


Dungeon Overview and Level Annotations

Branches:
Dungeon (8/15)             Temple (1/1) D:7
   Lair: D:8-11

Altars:
Ashenzari
Cheibriados
Dithmenos
Fedhas
Gozag
Hepliaklqana
Kikubaaqudgha
Makhleb
Nemelex Xobeh
Okawaru
Qazlal
Ru
Trog
Uskayaw
Vehumet
Wu Jian
Xom
Yredelemnul
Zin
The Shining One

Shops:
D:1 :   D:6 (*

Annotations:
D:7 Amaemon


Innate Abilities, Weirdness & Mutations

You are too large for most types of armour.
You have claws for hands.
Your natural rate of healing is unusually fast.
You are covered in fur. (AC +1)
You have tough skin. (AC +1)


Message History

Unknown command.
There is a staircase to the Ecumenical Temple here.
You climb downwards.
Welcome to the Ecumenical Temple!
Found eight altars.
Found a staircase back to the Dungeon.
There is a staircase back to the Dungeon here.
Search for what [? for help]? wu
Found a sacrificial altar of Ru.
There is an ornate altar of the Wu Jian Council here.
You kneel at the altar of Wu Jian.
The Council welcomes you!
You can now perform damaging attacks by moving towards foes.
There is a staircase back to the Dungeon here.
You climb upwards.
Welcome back to the Dungeon!
There is a staircase to the Ecumenical Temple here.
You feel a little less mighty now.
a - a viscous puce potion
t - 2 coppery potions (gained 1)
You now have 364 gold pieces (gained 34).
Items here: ))) [[[ รท.
Items here: )) [[.
Things that are here:
a +0 robe; a +4 short sword The quasit gives a chilling moan.
Done exploring.
Done exploring.
Done exploring.
Done exploring.
There is a stone staircase leading down here.
You climb downwards.
Amaemon shouts!
The orange demon screeches!
There is a stone staircase leading up here.
Amaemon hits you but does no damage.
You are poisoned.
Amaemon claws you! Amaemon barely misses you.
You climb upwards.
You feel very sick.
There is a stone staircase leading down here.
You take 10 damage, and have 78/88 hp.
You mangle Amaemon!!
You feel sick.
You take 1 damage, and have 77/88 hp.
You closely miss Amaemon.
You feel sick.
Amaemon hits you with a +1 demon whip of venom.
Amaemon barely misses you. x2
You take 3 damage, and have 74/88 hp.
You barely miss Amaemon.
You feel sick.
Amaemon hits you with a +1 demon whip of venom!
You block Amaemon's attack. x2
You take 11 damage, and have 63/88 hp.
You scratch Amaemon but do no damage.
You feel sick. Amaemon completely misses you. Amaemon claws you.
Amaemon barely misses you.
You take 6 damage, and have 57/88 hp.
You claw Amaemon!
You feel sick.
Amaemon gestures wildly while chanting.
You completely miss Amaemon.
You feel sick.
You are no longer poisoned.
Amaemon barely misses you. Amaemon claws you but does no damage.
Amaemon barely misses you.
You barely miss Amaemon.
Amaemon hits you with a +1 demon whip of venom.
Amaemon closely misses you.
Amaemon tail-slaps you but does no damage.
The scorpion stings you but does no damage.
You take 5 damage, and have 53/88 hp.
You completely miss Amaemon.
Amaemon casts a spell at the scorpion.
The scorpion's venom grows more potent.
The scorpion stings you but does no damage.
You closely miss Amaemon. The scorpion closely misses you.
You block Amaemon's attack. Amaemon claws you but does no damage.
Amaemon tail-slaps you but does no damage.
You claw Amaemon! The scorpion completely misses you.
Amaemon hits you with a +1 demon whip of venom!!
Amaemon claws you but does no damage. You block Amaemon's attack.
You take 18 damage, and have 37/88 hp.
MASSIVE DAMAGE!!
You claw Amaemon! The scorpion stings you.
You are poisoned.
You have difficulty breathing.
You feel yourself slow down. You block Amaemon's attack. x3
The scorpion stings you but does no damage.
You take 5 damage, and have 32/88 hp.
You scratch Amaemon.
You feel extremely sick.
Amaemon casts a spell.
The scorpion stings you.
* * * LOW HITPOINT WARNING * * *
You are lethally poisoned!
You have difficulty breathing.
* * * LOW HITPOINT WARNING * * *
You feel as though you will be slow longer.
You closely miss Amaemon.
* * * LOW HITPOINT WARNING * * *
You feel extremely sick.
The scorpion stings you but does no damage.
Amaemon completely misses you. You block Amaemon's attack. x2
You block the scorpion's attack. The scorpion stings you.
* * * LOW HITPOINT WARNING * * *
Amaemon casts a spell at the scorpion.
The scorpion's venom grows more potent.
You barely miss Amaemon.
You die...

#.#.###..............#.
#...............#....#.
#.###.##........#....#.
#.# #.##........#......
#.###.########.......##
#.....# #.###.#.#
##.###### ####.......#
##.##...###....^...###
##....s@s.##.#####..#
##
#.....s6..##<##.....#
#.
##.....s........##.##
#. ##.##...###.#####.#
#. ######## #.#####.#
#. #.......####.
#########.... #.##.
#.##.


You could see Amaemon and 4 scorpions.

Vanquished Creatures
  Joseph (D:7)
  Maggie (D:7)
  Sigmund (D:3)
  A water moccasin (D:6)
  Edmund (D:5)
  An ice beast (D:6)
  Blork the orc (D:4)
  2 scorpions
  5 wights (D:7)
  3 killer bees (D:7)
  3 bombardier beetles
  A howler monkey (D:7)
  3 hounds
  2 jellies
  A gnoll bouda (D:7)
  Jessica (D:3)
  4 iguanas
  Natasha (thrice) (D:3)
  An orc wizard (D:3)
  Robin (D:4)
  6 adders
  10 gnolls
  A shadow imp (D:7)
  A white imp (D:6)
  2 ufetubi (D:5)
  3 ribbon worms
  8 orcs
  2 bats
  7 endoplasms
  3 giant cockroaches
  12 goblins
  10 hobgoblins
  9 kobolds
  3 quokkas
  6 ball pythons
  2 frilled lizards (D:3)
  4 rats
126 creatures vanquished.

Notes
Turn   | Place    | Note
-------+----------+-------------------------------------------
     0 | D:1      | IndexError the Troll Fighter began the quest for the Orb.
     0 | D:1      | Reached XP level 1. HP: 22/22 MP: 0/0
   578 | D:1      | Found Nachonets's Book Emporium.
   615 | D:2      | Reached XP level 2. HP: 29/29 MP: 1/1
   912 | D:2      | Reached XP level 3. HP: 36/36 MP: 2/2
  1063 | D:2      | Reached skill level 3 in Shields
  1251 | D:2      | Reached skill level 3 in Unarmed Combat
  1636 | D:3      | Found a snail-covered altar of Cheibriados.
  1644 | D:3      | Noticed Sigmund
  1666 | D:3      | Killed Sigmund
  1667 | D:3      | Reached skill level 3 in Fighting
  1667 | D:3      | Reached skill level 3 in Dodging
  1667 | D:3      | Reached skill level 4 in Unarmed Combat
  1667 | D:3      | Reached XP level 4. HP: 29/45 MP: 3/3
  1667 | D:3      | Reached XP level 5. HP: 34/53 MP: 4/4
  1811 | D:3      | Found a blossoming altar of Fedhas.
  1987 | D:3      | Noticed Jessica
  1992 | D:3      | Killed Jessica
  1993 | D:3      | Reached XP level 6. HP: 58/61 MP: 5/5
  2280 | D:3      | Noticed Natasha
  2288 | D:3      | Killed Natasha
  2640 | D:3      | Noticed Natasha
  2645 | D:3      | Killed Natasha
  2810 | D:3      | Found a snail-covered altar of Cheibriados.
  2833 | D:3      | Found a blossoming altar of Fedhas.
  3265 | D:3      | Noticed Natasha
  3271 | D:3      | Killed Natasha
  3744 | D:3      | Found a snail-covered altar of Cheibriados.
  3794 | D:3      | Found a blossoming altar of Fedhas.
  4069 | D:4      | Noticed Blork the orc
  4079 | D:4      | Killed Blork the orc
  4080 | D:4      | Reached skill level 4 in Shields
  4080 | D:4      | Reached skill level 5 in Unarmed Combat
  4091 | D:4      | Reached XP level 7. HP: 67/67 MP: 6/6
  4206 | D:4      | Noticed Robin
  4219 | D:4      | Killed Robin
  4914 | D:5      | Entered Level 5 of the Dungeon
  4927 | D:5      | Noticed Edmund
  4941 | D:5      | Killed Edmund
  4942 | D:5      | Reached skill level 4 in Fighting
  4942 | D:5      | Reached skill level 4 in Dodging
  4986 | D:5      | Reached skill level 6 in Unarmed Combat
  5382 | D:5      | Reached XP level 8. HP: 78/78 MP: 7/7
  5562 | D:5      | You fall into a shaft and drop 2 floors!
  5574 | D:7      | Noticed Joseph
  5598 | D:7      | Killed Joseph
  5688 | D:6      | Reached skill level 5 in Shields
  6051 | D:6      | Found Jydy's Weapon Shoppe.
  6083 | D:6      | Noticed a two-headed ogre
  6109 | D:5      | Reached skill level 7 in Unarmed Combat
  6141 | D:6      | Found Wupruiff's General Store.
  6533 | D:7      | Found a staircase to the Ecumenical Temple.
  6562 | D:7      | Reached skill level 5 in Fighting
  6563 | D:7      | Noticed Maggie
  6567 | D:7      | Reached skill level 5 in Dodging
  6567 | D:7      | Reached XP level 9. HP: 77/88 MP: 8/8
  6728 | D:7      | Identified the +0 chain mail of Nezxad Voew {-Cast rF- rN+
                  | Dex+6}
  6855 | D:7      | Killed Maggie
  6856 | D:7      | Reached skill level 8 in Unarmed Combat
  6905 | Temple   | Entered the Ecumenical Temple
  6913 | Temple   | Became a worshipper of the Wu Jian Council
  7097 | D:8      | Noticed Amaemon
  7097 | D:8      | Noticed an orange demon
  7111 | D:7      | HP: 15/88 [asphyx]
  7112 | D:7      | HP: 3/88 [poisoned by scorpion (concentrated venom)]
  7113 | D:7      | Succumbed to scorpion's concentrated venom

Illustrated notes

Levels and vault maps discovered:
D:1:      dpeg_arrival_tiny_d, layout_basic, serial_shops, shop
D:2:      layout_basic, nicolae_figureground_pulse
D:3:      layout_loops_corners, cheibriados_altar_1, lemuel_tele_altar,
          uniq_natasha, uniq_sigmund, uniq_jessica
D:4:      layout_loops_ring, chequers_serial_rivers_large_b, uniq_blork_the_orc,
          uniq_robin
D:5:      layout_layer_cave, nicolae_titane, uniq_edmund
D:6:      layout_rooms, mainiacjoe_overflow_six_doors_small,
          serial_corexii_hall, chequers_hall_statues_wall_a,
          chequers_hall_statues_corner_a, chequers_hall_statues_corner_a,
          serial_shops, shop, nicolae_shop_tiny_statue_garden,
          nicolae_stop_n_shop_1, chequers_serial_rivers_micro_d,
          hangedman_abyss_or_decor_lesser_grid
D:7:      cheibrodos_quashed, layout_loops_cross, minmay_temple_entry_glass,
          uniq_joseph, uniq_maggie
D:8:      layout_rooms, uniq_amaemon, uniq_maurice, uniq_pikel
Temple:   eino_narrow_crystal_temple

Skill      XL: |  1  2  3  4  5  6  7  8  9 |
---------------+----------------------------+-----
Shields        | 3 4 5 |  5.7
Unarmed Combat | 4 5 6 7 8 |  8.2
Fighting       | 3 4 5 |  5.2
Dodging        | 3 4 5 |  5.2

Action                     |  1- 3 |  4- 6 |  7- 9 || total
---------------------------+-------+-------+-------++-------
  Melee: Unarmed           |   104 |    74 |   224 ||   402
  Throw: Stone             |     4 |     7 |    24 ||    35
         Javelin           |       |       |     4 ||     4
    Use: Potion            |       |       |     1 ||     1
   Stab: Sleeping          |       |       |     1 ||     1
 Armour: Robe              |    70 |    37 |   109 ||   216
         Steam dragon scal |       |       |    19 ||    19
  Dodge: Dodged            |    27 |    20 |    73 ||   120
  Block: Kite shield       |    18 |    16 |    93 ||   127

Table legend: (Time is in decaauts)
 A = Elapsed time spent in this place.
 B = Non-inter-level travel time spent in this place.
 C = Inter-level travel time spent in this place.
 D = Time resting spent in this place.
 E = Time spent auto-exploring this place.
 F = Levels seen in this place.
 G = Mean time per level.
                   A        B        C        D        E       F      G
               +--------+--------+--------+--------+--------+-----+--------+
         Total |   7142 |   6539 |    603 |     20 |   5444 |   9 |  793.6 |
       Dungeon |   7125 |   6536 |    589 |     20 |   5444 |   8 |  890.6 |
        Temple |     16 |      2 |     14 |      0 |      0 |   1 |   16.0 |
               +--------+--------+--------+--------+--------+-----+--------+

Top non-repeatable levels by time:
     D:3: 2608 daAuts
     D:5: 1056 daAuts
     D:4: 878 daAuts
     D:7: 793 daAuts
     D:2: 764 daAuts
     D:1: 711 daAuts
     D:6: 311 daAuts
  Temple: 16 daAuts
     D:8: 1 daAuts

Levels and vault maps discovered:
D:1:      dpeg_arrival_tiny_d, layout_basic, serial_shops, shop
D:2:      layout_basic, nicolae_figureground_pulse
D:3:      layout_loops_corners, cheibriados_altar_1, lemuel_tele_altar,
          uniq_natasha, uniq_sigmund, uniq_jessica
D:4:      layout_loops_ring, chequers_serial_rivers_large_b, uniq_blork_the_orc,
          uniq_robin
D:5:      layout_layer_cave, nicolae_titane, uniq_edmund
D:6:      layout_rooms, mainiacjoe_overflow_six_doors_small,
          serial_corexii_hall, chequers_hall_statues_wall_a,
          chequers_hall_statues_corner_a, chequers_hall_statues_corner_a,
          serial_shops, shop, nicolae_shop_tiny_statue_garden,
          nicolae_stop_n_shop_1, chequers_serial_rivers_micro_d,
          hangedman_abyss_or_decor_lesser_grid
D:7:      cheibrodos_quashed, layout_loops_cross, minmay_temple_entry_glass,
          uniq_joseph, uniq_maggie
D:8:      layout_rooms, uniq_amaemon, uniq_maurice, uniq_pikel
Temple:   eino_narrow_crystal_temple

Table legend: (Time is in decaauts)
 A = Elapsed time spent in this place.
 B = Non-inter-level travel time spent in this place.
 C = Inter-level travel time spent in this place.
 D = Time resting spent in this place.
 E = Time spent auto-exploring this place.
 F = Levels seen in this place.
 G = Mean time per level.
                   A        B        C        D        E       F      G
               +--------+--------+--------+--------+--------+-----+--------+
         Total |   7142 |   6539 |    603 |     20 |   5444 |   9 |  793.6 |
       Dungeon |   7125 |   6536 |    589 |     20 |   5444 |   8 |  890.6 |
        Temple |     16 |      2 |     14 |      0 |      0 |   1 |   16.0 |
               +--------+--------+--------+--------+--------+-----+--------+

Top non-repeatable levels by time:
     D:3: 2608 daAuts
     D:5: 1056 daAuts
     D:4: 878 daAuts
     D:7: 793 daAuts
     D:2: 764 daAuts
     D:1: 711 daAuts
     D:6: 311 daAuts
  Temple: 16 daAuts
     D:8: 1 daAuts

Table legend:
 A = Kills in this place as a percentage of kills in the entire game.
 B = Kills by you in this place as a percentage of kills by you in the entire game.
 C = Kills by friends in this place as a percentage of kills by friends in the entire game.
 D = Other kills in this place as a percentage of other kills in the entire game.
 E = Experience gained in this place as a percentage of experience gained in the entire game.
 F = Experience gained in this place divided by the number of levels of this place that you have seen.
                   A       B       C       D       E      F
               +-------+-------+-------+-------+-------+----------------------
         Total | 100.0 | 100.0 |   N/A |   N/A | 100.0 | 390.8
       Dungeon | 100.0 | 100.0 |   N/A |   N/A | 100.0 | 439.6
               +-------+-------+-------+-------+-------+----------------------
